 Dungeon Crawl Stone Soup version 0.24-a0-781-g048a31f (webtiles) character file.

Game seed: 5423316184403584140, levelgen mode: deterministic

10378 ArcanElement the Thaumaturge (level 11, -24/66 HPs)
             Began as a Deep Elf Wizard on Oct 7, 2019.
             Was an Elder of Sif Muna.
             Annihilated by a death scarab (29 damage)
             ... in a Gauntlet on Oct 8, 2019.
             The game lasted 00:46:11 (15221 turns).

ArcanElement the Thaumaturge (Deep Elf Wizard)     Turns: 15221, Time: 00:46:12

Health: -24/66     AC:  6    Str:  4    XL:     11   Next: 35%
Magic:  19/37      EV: 18    Int: 27    God:    Sif Muna [****..]
Gold:   1209       SH:  0    Dex: 13    Spells: 0/33 levels left

rFire    . . .     SeeInvis +   u - +8 hand axe of Gyavig {chop, +Inv rElec MP+9}
rCold    . . .     Gourm    .   (no shield)
rNeg     . . .     Faith    .   a - +0 robe
rPois    .         Spirit   .   h - +0 helmet {SInv}
rElec    +         Reflect  .   (no cloak)
rCorr    .         Harm     .   (no gloves)
MR       +....     NoTele   +   j - +2 pair of boots
Stlth    +++.......             (no amulet)
HPRegen  0.21/turn              n - ring of stealth
MPRegen  0.25/turn              v - ring of flight

@: slowed, very slow
A: no striking features
a: Channel Magic, Forget Spell, Divine Exegesis, Renounce Religion, Evoke
Invisibility, Evoke Flight


You were in a Gauntlet.
You worshipped Sif Muna.
Sif Muna was greatly pleased with you.
You were hungry.

You visited 3 branches of the dungeon, and saw 12 of its levels.
You also visited: Bailey and Gauntlet.

You collected 1209 gold pieces.

Inventory:

Hand Weapons
 u - the +8 hand axe of Gyavig (weapon) {chop, +Inv rElec MP+9}
   (You found it on level 1 of the Lair of Beasts)

   It inflicts extra damage upon your enemies.
   It insulates you from electricity.
   It affects your magic capacity (+9).
   It lets you turn invisible.
Missiles
 k - 134 arrows
 r - 40 poisoned darts (quivered)
Armour
 a - a +0 robe (worn)
 b - a scarf of spirit shield
 h - a +0 helmet of see invisible (worn)
 j - a +2 pair of boots (worn)
 w - a +0 pair of gloves of archery
Jewellery
 n - a ring of stealth (left hand)
 v - a ring of flight (right hand)
Wands
 m - a wand of disintegration (4)
 s - a wand of iceblast (6)
 x - a wand of random effects (15)
Scrolls
 f - 4 scrolls of fog
 i - 4 scrolls of teleportation
 q - 8 scrolls of remove curse
 t - 2 scrolls of identify
Potions
 g - a potion of magic
 l - 2 potions of mutation
 o - 3 potions of curing
 p - 2 potions of brilliance
Miscellaneous
 c - a fan of gales
 e - a lightning rod (2/4)
Comestibles
 d - 19 rations


   Skills:
 - Level 6.9 Fighting
 - Level 10.2 Dodging
 - Level 2.4 Stealth
 - Level 11.6 Spellcasting
 - Level 5.3 Conjurations
 + Level 4.0 Hexes
 + Level 3.6 Summonings
 + Level 3.6 Translocations
 + Level 3.3 Transmutations
 + Level 3.4 Fire Magic
 + Level 0.8 Ice Magic
 + Level 3.1 Air Magic
 + Level 3.4 Earth Magic
 + Level 3.4 Poison Magic


You couldn't memorise any spells.
You knew the following spells:

 Your Spells              Type           Power        Failure   Level  Hunger
a - Magic Dart            Conj           ####         1%          1    None
b - Blink                 Tloc           N/A          1%          2    None
c - Call Imp              Summ           #####...     1%          2    None
d - Slow                  Hex            #####...     1%          2    None
e - Mephitic Cloud        Conj/Pois/Air  #####...     2%          3    None
f - Conjure Flame         Conj/Fire      #####...     1%          3    None
g - Dazzling Spray        Conj/Hex       #####.       1%          3    None
h - Iskenderun's Mystic   Conj           #####...     4%          4    None
i - Fulminant Prism       Conj/Hex       #####.....   5%          4    None
j - Petrify               Tmut/Erth      ####....     9%          4    None
k - Metabolic Englaciati  Hex/Ice        ####......   36%         5    ###....

Your spell library contained the following spells:

 Spells                   Type           Power        Failure   Level  Hunger
 Confusing Touch          Hex            #####.       1%          1    None
 Searing Ray              Conj           #####.       1%          2    None
 Confuse                  Hex            #####...     1%          3    None
 Gell's Gravitas          Tloc           #####.....   2%          3    None
 Force Lance              Conj/Tloc      #####...     5%          4    None
 Yara's Violent Unravell  Hex/Tmut       #####.....   22%         5    ###....


Dungeon Overview and Level Annotations

Branches:
Dungeon (8/15)             Temple (1/1) D:5            Lair (3/6) D:8
 Bailey (visited)         Gauntlet (1/1)
  Swamp: Lair:2-4    Shoals: Lair:2-4     Snake: Lair:2-4    Spider: Lair:2-4

Altars:
Ashenzari
Cheibriados
Dithmenos
Elyvilon
Fedhas
Gozag
Hepliaklqana
Kikubaaqudgha
Makhleb
Nemelex Xobeh
Okawaru
Qazlal
Ru
Sif Muna
Trog
Uskayaw
Vehumet
Wu Jian
Xom
Yredelemnul
Zin
The Shining One
Jiyva

Shops:
D:4 [   D:5 %

Annotations:
Lair:1 3 runed translucent doors, chudichudichudi's ghost, journeyman MiFi
Lair:3 Sonja Gauntlet 11 transporters, 21 runed translucent doors


Message History

Casting: Conjure Flame (safe; 1% risk of failure)
Confirm with . or Enter, or press ? or * to list all spells.
You blink.
Casting: Blink (safe; 1% risk of failure)
Confirm with . or Enter, or press ? or * to list all spells.
You blink.
The death scarab bites you!! The death scarab drains your vigour!
You feel as though you will be slow longer.
The death scarab draws strength from your injuries!
The death scarab enters a dispersal trap!
You blink.
The death scarab blinks!
Okay, then.
You see here a pair of embroidered gloves.
w - a pair of embroidered gloves The death scarab barely misses you.
The death scarab bites you!!
* * * LOW HITPOINT WARNING * * *
The death scarab drains your vigour!
You feel as though you will be slow longer.
The death scarab draws strength from your injuries!
The death scarab misses you. The death scarab bites you!!
You die...

#8#§.............≈.............
###..###########...###########.
#..#.......^.#...#..+..+...#.
###..#.##§.(##.#...#..+..+...#.
#8#..#.#.#.#.#!#####++#++##.=#.
###..#..##.##.s#...#..+...+..#.
#.©#..#.©Z#.©#©.©#©.#...+.©#.
###..#s.##.##.s#...#..+...+.%#.
#8#..#.#.#.#.#@#####++#++##.?#.
###..#s##^.^##.#...#..+..+y..#.
#..#.........#.8.#..+..+yy.#.
###..###########...###########.
#8#............................
###§...........................
#############################
#8# #8# #8# #8# #8# #8# #8# ###
### ### ### ### ### ###


You could see a spectral komodo dragon and 2 death scarabs.

Vanquished Creatures
  Pikel (D:3)
  An orc knight (Bailey)
  6 elephants (Lair:2)
  2 black mambas
  A spiny frog (Lair:2)
  A rime drake (Lair:2)
  A polar bear (Lair:2)
  3 blink frogs (Lair:3)
  4 hippogriffs
  A spriggan (D:7)
  A wyvern (D:8)
  A basilisk (Lair:1)
  Menkaure (D:4)
  A water moccasin (Lair:2)
  4 porcupines
  10 orc warriors
  2 ice beasts (D:8)
  A sky beast (D:7)
  2 ogres
  A centaur (D:8)
  2 crocodiles (Lair:2)
  9 bullfrogs
  A gnoll sergeant (D:7)
  3 killer bees (D:7)
  3 wights (D:6)
  2 howler monkeys
  4 crimson imps
  3 orc priests
  3 hounds
  2 jellies
  10 orc wizards
  2 bullfrog skeletons (D:6)
  2 iguanas (D:6)
  6 worker ants
  A killer bee zombie (D:8)
  A worker ant zombie (D:7)
  12 adders
  9 gnolls
  An ooze (D:1)
  An adder zombie (D:7)
  2 adder skeletons
  A dart slug (D:1)
  3 leopard geckos
  25 orcs
  3 giant cockroaches
  19 goblins
  12 hobgoblins
  16 jackals
  2 quokkas
  5 bats
  6 frilled lizards
  A jackal skeleton (D:7)
  9 kobolds
  A quokka skeleton (D:4)
  8 rats
235 creatures vanquished.

Vanquished Creatures (collateral kills)
  2 water moccasins (Lair:2)
  2 wights (D:6)
  3 crimson imps (D:5)
  A jelly (D:7)
  An orc priest (D:7)
  An orc wizard (D:7)
  A gnoll (D:7)
  2 adders (D:2)
  2 worms (D:2)
  2 orcs (Bailey)
  A goblin (D:7)
  A kobold (D:2)
  A quokka (D:4)
20 creatures vanquished.

Vanquished Creatures (others)
  5 fungi
  11 plants (Gauntlet)
16 creatures vanquished.

Grand Total: 271 creatures vanquished

Notes
Turn   | Place    | Note
-------+----------+-------------------------------------------
     0 | D:1      | ArcanElement the Deep Elf Wizard began the quest for the
                  | Orb.
     0 | D:1      | Reached XP level 1. HP: 10/10 MP: 7/7
     0 | D:1      | Upgraded the game from 0.24-a0-778-g74da537 to
                  | 0.24-a0-781-g048a31f
   331 | D:1      | Reached XP level 2. HP: 16/16 MP: 4/9
   593 | D:1      | Reached skill level 1 in Fighting
   623 | D:1      | Learned a level 2 spell: Blink
   626 | D:1      | Learned a level 2 spell: Call Imp
   629 | D:1      | Learned a level 2 spell: Slow
   897 | D:1      | Reached XP level 3. HP: 20/20 MP: 3/11
   911 | D:1      | Reached skill level 5 in Spellcasting
   916 | D:1      | Learned a level 3 spell: Mephitic Cloud
  1308 | D:2      | Reached XP level 4. HP: 12/25 MP: 1/13
  1701 | D:2      | Found a shimmering blue altar of Sif Muna.
  1704 | D:2      | Became a worshipper of Sif Muna the Loreminder
  2285 | D:2      | Learned a level 3 spell: Conjure Flame
  2468 | D:3      | Reached XP level 5. HP: 27/30 MP: 9/15
  2596 | D:3      | Noticed an ogre
  2602 | D:3      | Killed an ogre
  2602 | D:3      | Reached skill level 6 in Spellcasting
  2731 | D:3      | Reached * piety under Sif Muna
  2751 | D:3      | Reached XP level 6. HP: 34/36 MP: 2/17
  3493 | D:3      | Found an iron altar of Okawaru.
  3528 | D:3      | Reached skill level 5 in Dodging
  4027 | D:4      | Reached skill level 7 in Spellcasting
  4283 | D:4      | Reached ** piety under Sif Muna
  4302 | D:4      | You fall into a shaft and drop 2 floors!
  4317 | D:6      | Reached XP level 7. HP: 20/41 MP: 1/19
  4458 | D:5      | Entered Level 5 of the Dungeon
  4531 | D:5      | Found Tirghavo's Food Boutique.
  4822 | D:5      | Found a staircase to the Ecumenical Temple.
  5179 | D:4      | Found Wiymiwul's Armour Shop.
  5191 | D:4      | Noticed Menkaure
  5616 | D:3      | Reached skill level 8 in Spellcasting
  6112 | D:4      | Noticed Pikel
  6198 | D:3      | Killed Pikel
  6198 | D:3      | Reached skill level 9 in Spellcasting
  6198 | D:3      | Reached XP level 8. HP: 48/48 MP: 9/23
  6498 | D:4      | Killed Menkaure
  6729 | D:5      | Reached skill level 5 in Fighting
  7192 | Temple   | Entered the Ecumenical Temple
  7575 | D:6      | Learned a level 3 spell: Dazzling Spray
  8044 | D:6      | Reached XP level 9. HP: 35/54 MP: 20/24
  8172 | D:6      | Reached skill level 10 in Spellcasting
  8284 | D:6      | Found a burning altar of Makhleb.
  8284 | D:6      | Noticed a green death
  8823 | D:7      | Reached *** piety under Sif Muna
  8938 | D:7      | Found a shadowy altar of Dithmenos.
  8944 | D:7      | Found a flagged portal.
  8950 | Bailey   | Entered a bailey
  8953 | Bailey   | Noticed an orc knight
  9188 | Bailey   | Reached skill level 11 in Spellcasting
  9189 | Bailey   | Killed an orc knight
  9189 | Bailey   | Reached skill level 10 in Dodging
  9487 | D:7      | Reached XP level 10. HP: 61/61 MP: 11/27
  9875 | D:7      | Found a bloodstained altar of Trog.
  9875 | D:7      | Found a shimmering altar of Xom.
  9876 | D:7      | Found a radiant altar of Vehumet.
 10184 | D:7      | Found a hazy altar of Hepliaklqana.
 10232 | D:7      | Found a white marble altar of Elyvilon.
 10700 | D:8      | Found a staircase to the Lair.
 11292 | D:7      | Reached **** piety under Sif Muna
 11425 | D:8      | Found a basalt altar of Yredelemnul.
 11796 | Lair:1   | Entered Level 1 of the Lair of Beasts
 11802 | Lair:1   | Learned a level 4 spell: Iskenderun's Mystic Blast
 11807 | Lair:1   | Learned a level 4 spell: Fulminant Prism
 11812 | Lair:1   | Learned a level 4 spell: Petrify
 12018 | Lair:1   | Noticed a black mamba
 12052 | Lair:1   | Killed a black mamba
 12052 | Lair:1   | Reached skill level 5 in Conjurations
 12052 | Lair:1   | Reached skill level 1 in Hexes
 12186 | Lair:1   | Found a runed translucent gate.
 12187 | Lair:1   | Found a runed translucent gate.
 12188 | Lair:1   | Found a runed translucent gate.
 12191 | Lair:1   | Found a viscous altar of Jiyva.
 12191 | Lair:1   | Noticed chudichudichudi's ghost (journeyman MiFi)
 12303 | Lair:1   | Reached skill level 1 in Transmutations
 12303 | Lair:1   | Reached skill level 1 in Fire Magic
 12303 | Lair:1   | Reached skill level 1 in Air Magic
 12303 | Lair:1   | Reached skill level 1 in Earth Magic
 12303 | Lair:1   | Reached skill level 1 in Poison Magic
 12387 | Lair:1   | Got a crystal hand axe
 12388 | Lair:1   | Identified the +8 hand axe of Gyavig {chop, +Inv rElec
                  | MP+9} (You found it on level 1 of the Lair of Beasts)
 13174 | Lair:2   | Noticed a black mamba
 13184 | Lair:2   | Killed a black mamba
 13495 | Lair:2   | Noticed a spiny frog
 13772 | Lair:2   | Noticed an elephant
 13780 | Lair:2   | Noticed an elephant
 13782 | Lair:2   | Noticed an elephant
 13782 | Lair:2   | Noticed an elephant
 13784 | Lair:2   | Noticed an elephant
 13786 | Lair:2   | Killed an elephant
 13786 | Lair:2   | Reached XP level 11. HP: 50/66 MP: 28/28
 14733 | Lair:2   | Learned a level 5 spell: Metabolic Englaciation
 14876 | Lair:3   | Noticed Sonja
 14928 | Lair:3   | Found a gate leading to a gauntlet.
 14937 | Gauntlet | Entered a Gauntlet
 14937 | Gauntlet | Found a transporter.
 14937 | Gauntlet | Found a transporter.
 14937 | Gauntlet | Found a transporter.
 14937 | Gauntlet | Noticed a death scarab
 14937 | Gauntlet | Noticed a death scarab
 14946 | Gauntlet | Found a transporter.
 14958 | Gauntlet | Found a transporter.
 14971 | Gauntlet | Found a transporter.
 14981 | Gauntlet | Found a transporter.
 14996 | Gauntlet | Found a transporter.
 15002 | Gauntlet | Found a transporter.
 15002 | Gauntlet | Noticed a tengu warrior
 15012 | Gauntlet | Found a large runed translucent door.
 15013 | Gauntlet | Found a large runed translucent door.
 15014 | Gauntlet | Found a large runed translucent door.
 15014 | Gauntlet | Found a large runed translucent door.
 15015 | Gauntlet | Found a large runed translucent door.
 15015 | Gauntlet | Found a large runed translucent door.
 15015 | Gauntlet | Found a runed translucent gate.
 15015 | Gauntlet | Found a runed translucent door.
 15016 | Gauntlet | Found a large runed translucent door.
 15017 | Gauntlet | Found a large runed translucent door.
 15023 | Gauntlet | Found a transporter.
 15064 | Gauntlet | Found a transporter.
 15064 | Gauntlet | Found a runed translucent gate.
 15065 | Gauntlet | Found a transporter.
 15071 | Gauntlet | Found a runed translucent gate.
 15071 | Gauntlet | Found a runed translucent door.
 15074 | Gauntlet | Found a large runed translucent door.
 15074 | Gauntlet | Found a large runed translucent door.
 15075 | Gauntlet | Found a large runed translucent door.
 15076 | Gauntlet | Found a large runed translucent door.
 15085 | Gauntlet | Found a large runed translucent door.
 15085 | Gauntlet | Found a large runed translucent door.
 15086 | Gauntlet | Found a large runed translucent door.
 15087 | Gauntlet | Found a large runed translucent door.
 15221 | Gauntlet | Annihilated by a death scarab

Levels and vault maps discovered:
D:1:      dpeg_arrival_line_fractal, layout_basic
D:2:      layout_loops_ring, lemuel_blue_sif_altar, minmay_tetromino_t4
D:3:      layout_loops_corners, kennysheep_okawaru_gauntlet, first_ration
D:4:      layout_gridville, serial_shops, nicolae_shop_trees, uniq_pikel,
          uniq_menkaure
D:5:      layout_basic, minmay_temple_entry_poolview, serial_shops,
          kennysheep_little_box, serial_glass, glass_columns_c, glass_columns_a,
          glass_columns_a, glass_columns_a
D:6:      layout_basic, makhleb_altar_promises_db
D:7:      layout_basic, gammafunk_temple_overflow_claw,
          overflow_temple_1_default, overflow_temple_1_default, enter_bailey_3,
          the_bakery, minmay_misc_feat_rows, grunt_dithmenos_smoke
D:8:      layout_loops_ring, kennysheep_mini_moat, dpeg_oklobed_lair
Temple:   jpeg_temple_clearing
Lair:1:   layout_loops_ring, gammafunk_ghost_ooze
Lair:2:   layout_chaotic_city, grunt_megastairs_5, infiniplex_staircase_pool
Lair:3:   layout_regular_city, gauntlet_entry_generic, minivault_25,
          st_stairs_8, grunt_megastairs_4, infiniplex_staircase_pool_2,
          uniq_sonja
Gauntlet: gammafunk_gauntlet_shortcut [gammafunk_gauntlet_arena_corners,
          minmay_gauntlet_arena_make_your_own_arena,
          gammafunk_gauntlet_arena_hedges, nicolae_gauntlet_swirl,
          nicolae_gauntlet_arena_x, gammafunk_gauntlet_arena_split_diamond,
          gauntlet_exit_hidden_loot]

Skill      XL: |  1  2  3  4  5  6  7  8  9 10 11 |
---------------+----------------------------------+-----
Fighting       | 1 2 3 4 5 6 |  6.9
Dodging        | 3 4 5 7 8 10 | 10.2
Spellcasting   | 5 6 7 9 11 | 11.6
Conjurations   | 5 |  5.3
Hexes          | 3 4 |  4.0
Transmutations | 2 3 |  3.3
Fire Magic     | 2 3 |  3.4
Air Magic      | 2 3 |  3.1
Earth Magic    | 2 3 |  3.4
Poison Magic   | 2 3 |  3.4
Summonings     | 2 3 |  3.6
Translocations | 3 |  3.6
Stealth        | |  2.4
Ice Magic      | |  0.8

Action                   |  1- 3 |  4- 6 |  7- 9 | 10-12 || total
-------------------------+-------+-------+-------+-------++-------
Melee: Dagger            |    17 |    42 |   109 |    39 ||   207
       Hand axe          |       |       |       |    79 ||    79
 Cast: Magic Dart        |    75 |   142 |   182 |   142 ||   541
       Call Imp          |     5 |     5 |    24 |    20 ||    54
       Mephitic Cloud    |       |     7 |    31 |    26 ||    64
       Conjure Flame     |       |     4 |    16 |    44 ||    64
       Blink             |       |     3 |    12 |    18 ||    33
       Slow              |       |       |     3 |     4 ||     7
       Dazzling Spray    |       |       |     7 |    20 ||    27
 Abil: Evoke Flight      |       |       |     1 |       ||     1
Evoke: Lightning rod     |       |       |       |     2 ||     2
  Use: Scroll            |       |     7 |    13 |     7 ||    27
       Potion            |       |       |     4 |     1 ||     5
 Stab: Sleeping          |       |     2 |     1 |     1 ||     4
       Confused          |       |     2 |     2 |     5 ||     9
       Invisible         |       |       |       |     1 ||     1
  Eat: Chunk             |     1 |     8 |     8 |     9 ||    26
       Ration            |       |       |     3 |     2 ||     5
Armor: Robe              |     8 |     6 |    10 |    34 ||    58
Dodge: Dodged            |    39 |    42 |   118 |   134 ||   333

Table legend:
 A = Non-vault XP
 B = Vault XP
 C = Vault XP percentage of total XP
 D = Non-vault monster count
 E = Vault monster count
 F = Vault count percentage of total count
                 A         B        C        D         E       F
            +---------+---------+-------+---------+---------+-------
      Total |   11601 |    3226 |  21.8 |     224 |      31 |  12.2
            +---------+---------+-------+---------+---------+-------
        D:1 |      46 |       0 |   0.0 |      23 |       0 |   0.0
        D:2 |     133 |      13 |   8.9 |      34 |       2 |   5.6
        D:3 |     375 |     633 |  62.8 |      38 |       3 |   7.3
        D:4 |     549 |     172 |  23.9 |      28 |       1 |   3.4
        D:5 |     275 |       0 |   0.0 |      10 |       0 |   0.0
        D:6 |     868 |       0 |   0.0 |      18 |       0 |   0.0
        D:7 |     899 |     211 |  19.0 |      29 |       5 |  14.7
        D:8 |    1028 |       0 |   0.0 |      14 |       0 |   0.0
     Lair:1 |     953 |       0 |   0.0 |       5 |       0 |   0.0
     Lair:2 |    5434 |     443 |   7.5 |      20 |       2 |   9.1
     Lair:3 |    1041 |       0 |   0.0 |       5 |       0 |   0.0
     Bailey |       0 |    1754 | 100.0 |       0 |      18 | 100.0
            +---------+---------+-------+---------+---------+-------
